 Dungeon Crawl Stone Soup version 0.20-a0-903-g7e3609c (webtiles) character file.

105 inmateoo the Skirmisher (level 4, 0/29 HPs)
             Began as a Tengu Wanderer on Mar 21, 2017.
             Was a Follower of Wu Jian.
             Slain by a wyvern (15 damage)
             ... on level 4 of the Dungeon.
             The game lasted 00:05:56 (3607 turns).

inmateoo the Skirmisher (Tengu Wanderer)            Turns: 3607, Time: 00:05:57

Health: 0/29       AC:  4    Str: 11    XL:     4   Next: 83%
Magic:  6/6        EV: 13    Int: 18    God:    Wu Jian [*.....]
Gold:   90         SH:  0    Dex: 13    Spells: 2/5 levels left

rFire    . . .     SeeInvis .   y - +2 hand axe (chop)
rCold    . . .     Gourm    .   h - +0 leather armour
rNeg     . . .     Faith    .   (no shield)
rPois    .         Spirit   .   (helmet restricted)
rElec    .         Reflect  .   d - +0 cloak
rCorr    .         Harm     .   (no gloves)
MR       .....                  (boots unavailable)
Stlth    +.........             (no amulet)
Regen    0.1/turn               (no ring)
MPRegen  0.1/turn               p - +3 ring of intelligence

@: no status effects
A: beak, talons 3
a: Renounce Religion


You were on level 4 of the Dungeon.
You worshipped Wu Jian.
Wu Jian was aware of your devotion.
You were hungry.

You visited 1 branch of the dungeon, and saw 4 of its levels.

You collected 90 gold pieces.

Inventory:

Hand Weapons
 w - a +0 blowgun
 y - a +2 hand axe of chopping (weapon)
Missiles
 x - a curare-tipped needle
Armour
 d - a +0 cloak (worn)
 h - a +0 leather armour (worn)
Jewellery
 p - a +3 ring of intelligence (left hand)
Wands
 a - a wand of enslavement (12/24)
Scrolls
 i - 2 scrolls of enchant weapon
 j - 2 scrolls of identify {unknown}
 l - a scroll of remove curse {unknown}
 m - a scroll of random uselessness {unknown}
 n - a scroll of noise {unknown}
 q - a scroll of amnesia {unknown}
 r - a scroll of magic mapping {unknown}
 u - 3 scrolls of teleportation {unknown}
 v - a scroll of blinking {unknown}
Potions
 e - a potion of cancellation {unknown}
 g - a potion of curing {unknown}
 k - 2 potions of lignification {unknown}
 o - a potion of haste {unknown}
 t - a potion of flight {unknown}
 z - a potion of heal wounds {unknown}
Books
 b - Luggoloxt's Disquisition on Air

   Spells                             Type                      Level
   a - Swiftness                      Charms/Air                   2
   b - Poisonous Vapours              Poison/Air                   2
 c - the Disquisition on Translocation

   Spells                             Type                      Level
   a - Apportation                    Translocation                1
   b - Portal Projectile              Hexes/Translocation          3
Comestibles
 f - a bread ration
 s - a meat ration
 A - a fruit


   Skills:
 + Level 3.9 Fighting
 * Level 2.1 Axes
 + Level 3.2 Dodging
 - Level 1.0 Stealth
 - Level 1.0 Spellcasting
 - Level 1.0 Translocations
   Level 1.0 Poison Magic
 - Level 2.0 Evocations


You had 2 spell levels left.
You knew the following spells:

 Your Spells              Type           Power        Failure   Level  Hunger
a - Apportation           Tloc           #.....       21%         1    ##.....
b - Swiftness             Chrm/Air       #.......     43%         2    ###....


Dungeon Overview and Level Annotations

Branches:
Dungeon (4/15)
 Temple: D:4-7

Altars:
Ashenzari
Gozag
Kikubaaqudgha
Ru
Wu Jian
The Shining One

Annotations:
D:3 Dingo's ghost, amateur VSAs


Innate Abilities, Weirdness & Mutations

You have a beak for a mouth.
You have claws for feet.


Message History

The wyvern is moderately wounded.
The wyvern bites you but does no damage.
You barely miss the wyvern. You claw the wyvern, but do no damage.
The wyvern is moderately wounded.
The wyvern closely misses you.
You hit the wyvern.
The wyvern is heavily wounded.
The wyvern bites you but does no damage.
You hit the wyvern but do no damage. Your kick misses the wyvern.
Your peck misses the wyvern.
The wyvern is heavily wounded.
The wyvern barely misses you. x2
You hit the wyvern. You claw the wyvern, but do no damage.
The wyvern is severely wounded.
The wyvern closely misses you.
You barely miss the wyvern. Your peck misses the wyvern.
The wyvern is severely wounded.
The wyvern bites you!
Ouch! That really hurt!
You die...

#.#.##.......
########.#.##.......
#..........##.......
#...............####
#.........##########
#.......(........^..
#.........##########
#####.........##
#####
(.....l@.......#
#....
###########.##.###
#.### #.##...# #.# #
#.####.###.# #
#.####.....###
#.............
##############


You could see a wyvern.

Vanquished Creatures
  A worker ant (D:4)
  An adder (D:3)
  An ooze (D:2)
  3 worms
  5 orcs
  A ball python (D:1)
  3 giant cockroaches
  7 hobgoblins
  3 jackals
  A quokka (D:2)
  6 bats
  6 frilled lizards
  6 goblins
  9 kobolds
  6 rats
59 creatures vanquished.

Vanquished Creatures (collateral kills)
  A worm (D:3)
1 creature vanquished.

Vanquished Creatures (others)
  An adder (D:2)
  A goblin (D:2)
2 creatures vanquished.

Grand Total: 62 creatures vanquished

Notes
Turn   | Place    | Note
-------+----------+-------------------------------------------
     0 | D:1      | inmateoo the Tengu Wanderer began the quest for the Orb.
     0 | D:1      | inmateoo set off with: a wand of enslavement (15/24), Luggoloxt's Disquisition on Air, the Disquisition on Translocation, a +0 robe, a +0 dagger, a bread ration
     0 | D:1      | Reached XP level 1. HP: 14/14 MP: 3/3
   457 | D:1      | Reached XP level 2. HP: 16/19 MP: 4/4
   547 | D:1      | Identified Luggoloxt's Disquisition on Air
   547 | D:1      | Identified the Disquisition on Translocation
  1407 | D:2      | Reached XP level 3. HP: 17/23 MP: 5/5
  1573 | D:2      | Found an ancient bone altar of Kikubaaqudgha.
  1685 | D:2      | Found a glowing golden altar of the Shining One.
  1728 | D:1      | Learned a level 1 spell: Apportation
  1731 | D:1      | Learned a level 2 spell: Swiftness
  2757 | D:3      | Found a sacrificial altar of Ru.
  2769 | D:3      | Reached XP level 4. HP: 12/29 MP: 6/6
  2991 | D:3      | Reached skill level 1 in Axes
  3059 | D:3      | Found a shattered altar of Ashenzari.
  3104 | D:3      | Found a faded altar of an unknown god.
  3113 | D:3      | Became a worshipper of the Wu Jian Council
  3113 | D:3      | Reached * piety under Wu Jian
  3209 | D:3      | Found an opulent altar of Gozag.
  3266 | D:3      | Noticed Dingo's ghost (amateur VSAs)
  3595 | D:4      | Noticed a wyvern
  3607 | D:4      | Slain by a wyvern

Vault maps used:
D:1:      tarquinn_simple_flora_water_e, minmay_liquid_box
D:2:      overflow_temple_1_default, tso_metal_star
D:3:      cheibrodos_ashenzari_chains, overflow_temple_1_default,
          nicolae_overflow_crystal_walls, serial_curves, eino_curves_04,
          eino_curves_04, chequers_ecumenical_altar_simple,
          nicolae_ru_awakened_eye
D:4:      minmay_temple_entry_from_below_a, first_bread

Skill      XL: |  1  2  3  4 |
---------------+-------------+-----
Dodging        | 2 3 |  3.2
Axes           | 2 |  2.1
Fighting       | |  3.9
Stealth        | |  1.0
Spellcasting   | |  1.0
Translocations | |  1.0
Poison Magic   | |  1.0
Evocations     | |  2.0

Action                   |  1- 3 |  4- 6 || total
-------------------------+-------+-------++-------
Melee: Dagger            |   160 |       ||   160
       Kick              |    46 |    11 ||    57
       Peck              |    26 |     4 ||    30
       Hand axe          |    30 |    45 ||    75
 Fire: Blowgun           |     6 |     5 ||    11
Evoke: Wand              |     3 |       ||     3
  Use: Scroll            |       |     1 ||     1
 Stab: Distracted        |     2 |       ||     2
       Sleeping          |     3 |       ||     3
  Eat: Chunk             |     5 |     3 ||     8
Armor: Robe              |     2 |       ||     2
       Leather armour    |    53 |    11 ||    64
Dodge: Dodged            |   116 |    32 ||   148
